 Dungeon Crawl Stone Soup version 0.20.0-6-gd3061e9 (webtiles) character file.

4132 dvd the Reanimator (level 10, -5/84 HPs)
             Began as a Deep Dwarf Necromancer on May 28, 2017.
             Slain by Gastronok (18 damage)
             ... on level 8 of the Dungeon.
             The game lasted 00:38:25 (9721 turns).

dvd the Reanimator (Deep Dwarf Necromancer)         Turns: 9721, Time: 00:38:26

Health: -5/84      AC:  8    Str: 14    XL:     10   Next: 6%
Magic:  2/20       EV: 12    Int: 21    God:
Gold:   344        SH:  0    Dex: 14    Spells: 16/23 levels left

rFire    + . .     SeeInvis .   G - +5 quarterstaff (chaos)
rCold    . . .     Gourm    .   (shield currently unavailable)
rNeg     . . .     Faith    .   q - +0 ring mail
rPois    .         Spirit   .   (no helmet)
rElec    .         Reflect  .   H - +1 cloak
rCorr    .         Harm     .   (no gloves)
MR       +....     Rnd*Tele +   (no boots)
Stlth    ++........             t - amulet of rage
Regen    0.0/turn               o - +5 ring of intelligence
MPRegen  0.2/turn               (no ring)

@: non-regenerating
A: damage resistance, heal wounds, blink, fire resistance 1, sense surroundings
2, teleportitis 1, no regeneration
a: Heal Wounds, Blink, Evoke Berserk Rage


You were on level 8 of the Dungeon.
You were not hungry.

You visited 2 branches of the dungeon, and saw 9 of its levels.

You collected 344 gold pieces.

Inventory:

Hand Weapons
 a - a +0 morningstar of flaming
 e - a +0 mace
 G - a +5 quarterstaff of chaos (weapon)
 I - a +3 trident of pain
Missiles
 r - 8 javelins (quivered)
 s - 2 tomahawks
 u - 3 tomahawks of returning
Armour
 f - a +0 shield
 j - a +0 chain mail of fire resistance
 q - a +0 ring mail (worn)
 F - a +0 robe
 H - a +1 cloak (worn)
 O - a +0 cloak
Jewellery
 o - a +5 ring of intelligence (left hand)
 t - an amulet of rage (around neck)
 A - an uncursed ring of ice
Wands
 K - a wand of lightning (13/15)
 L - a wand of confusion (18/48)
 R - a wand of digging (12/24)
Scrolls
 g - a scroll of fog
 h - 3 scrolls of remove curse
 k - 2 scrolls of identify
 v - 2 scrolls of enchant weapon
 x - a scroll of random uselessness
 y - a scroll of amnesia
Potions
 n - 3 potions of curing
 D - 3 potions of flight
Books
 b - a book of Necromancy

   Spells                             Type                      Level
   a - Pain                           Necromancy                   1
   b - Animate Skeleton               Necromancy                   1
   c - Vampiric Draining              Necromancy                   3
   d - Regeneration                   Charms/Necromancy            3
   e - Animate Dead                   Necromancy                   4
   f - Control Undead                 Necromancy                   4
 l - a book of Geomancy

   Spells                             Type                      Level
   a - Sandblast                      Earth                        1
   b - Passwall                       Transmutation/Earth          2
   c - Stone Arrow                    Conjuration/Earth            3
   d - Petrify                        Transmutation/Earth          4
   e - Lee's Rapid Deconstruction     Earth                        5
 w - a book of Callings

   Spells                             Type                      Level
   a - Summon Small Mammal            Summoning                    1
   b - Call Imp                       Summoning                    2
   c - Call Canine Familiar           Summoning                    3
   d - Summon Guardian Golem          Hexes/Summoning              3
   e - Summon Lightning Spire         Summoning/Air                4
   f - Summon Ice Beast               Ice/Summoning                4
Comestibles
 c - 2 bread rations
 d - a chunk of flesh
 J - 2 meat rations
 M - a royal jelly
 Q - a fruit


   Skills:
 + Level 3.1 Fighting
 + Level 4.7(5.2) Maces & Flails
 + Level 3.0(4.1) Staves
 + Level 0.5 Throwing
 + Level 4.5 Armour
 + Level 4.1 Dodging
 + Level 4.4 Stealth
 + Level 7.0 Spellcasting
 + Level 9.4 Necromancy


You had 16 spell levels left.
You knew the following spells:

 Your Spells              Type           Power        Failure   Level  Hunger
b - Vampiric Draining     Necr           #####.....   1%          3    #......
c - Control Undead        Necr           #####.....   3%          4    ###....


Dungeon Overview and Level Annotations

Branches:
Dungeon (8/15)             Temple (1/1) D:6
   Lair: D:8-11

Altars:
Dithmenos
Elyvilon
Fedhas
Gozag
Hepliaklqana
Kikubaaqudgha
Nemelex Xobeh
Okawaru
Ru
Sif Muna
Trog
Uskayaw
Xom
Yredelemnul
Zin
The Shining One

Annotations:
D:8 Gastronok


Innate Abilities, Weirdness & Mutations

You are resistant to damage.
You can heal yourself by infusing magical energy.
You passively map the area around you.
You do not regenerate.
You can translocate small distances at will.
Your flesh is heat resistant. (rF+)
You are occasionally teleported next to monsters.


Message History

Gastronok is severely wounded.
Gastronok bites you!
* * * LOW HITPOINT WARNING * * *
You sock Gastronok!
Gastronok is severely wounded.
You hit Gastronok. You freeze Gastronok.
Gastronok is severely wounded.
The vampire casts a spell.
The vampire flickers and vanishes!
Deactivating autopickup; reactivate with Ctrl-A.
The orc wizard casts a spell.
The orc wizard blinks!
Gastronok bites you.
* * * LOW HITPOINT WARNING * * *
A phantom comes into view.
You sock Gastronok!
Frost spreads across the the floor.
Gastronok is severely wounded.
You hit Gastronok. You freeze Gastronok.
Gastronok is severely wounded.
Gastronok bites you!!
You die...

#.#.#:###..###รท.###...####..#..
#.#5###..###*#.#..###.......###
#.#.#..###*..#...#..###.....#
###.#..###*,,#.#.#...#..###...# #
.)..####*,,**#.#...#...#..#...###
##..#**,,***,).#.#...#..###......
##.#,,***,,,#.#...#..###*#..####
#.###*,,,,,#.#.#..###*,,#......
#...###,,,,#W#@.###*#,,,#.#....
###...###,,#sw###*..#,,,#......
##....####{###..[o#**,#......
#..#...###)KT5.#,,,*,#.#....
######..###...####..#**,,,#.#....
....##.###..#....###..#*,,#.#....
##.................####**,#.####.
#.........)....##...###,,#.# #.
#..............####...####.####.


You could see Gastronok and a giant cockroach (wandering).

Vanquished Creatures
  A kobold demonologist (D:8)
  Grinder (D:3)
  2 hippogriffs (D:8)
  An ice beast (D:8)
  4 orc warriors
  A sky beast (D:5)
  A black bear (D:8)
  2 ogres (D:8)
  A phantom (D:7)
  2 centaurs (D:6)
  A big kobold (D:8)
  6 bullfrogs
  2 gnoll sergeants (D:6)
  A wyvern skeleton (D:6)
  2 scorpions (D:6)
  4 crimson imps
  3 bullfrog zombies (D:5)
  5 centaur zombies (D:5)
  3 hounds
  Crazy Yiuf (D:6)
  6 orc priests
  2 bullfrog skeletons
  2 iguanas
  8 worker ants
  3 orc wizards (D:7)
  A hound zombie (D:5)
  A hound skeleton (D:5)
  3 worker ant zombies (D:5)
  A howler monkey zombie (D:5)
  8 gnolls (D:6)
  18 adders
  4 shadow imps
  3 adder zombies
  An adder skeleton (D:6)
  5 worms
  4 leopard geckos
  17 orcs
  A ball python (D:3)
  5 bats
  5 giant cockroaches
  7 hobgoblins
  14 jackals
  3 quokkas
  5 frilled lizards
  A giant cockroach zombie (D:5)
  8 goblins
  7 kobolds
  A leopard gecko skeleton (D:8)
  3 leopard gecko zombies (D:5)
  2 quokka skeletons (D:5)
  2 quokka zombies (D:5)
  6 rats
201 creatures vanquished.

Vanquished Creatures (others)
  3 fungi (D:6)
3 creatures vanquished.

Grand Total: 204 creatures vanquished

Notes
Turn   | Place    | Note
-------+----------+-------------------------------------------
     0 | D:1      | dvd the Deep Dwarf Necromancer began the quest for the Orb.
     0 | D:1      | Reached XP level 1. HP: 15/15 MP: 3/3
   223 | D:1      | Reached XP level 2. HP: 20/22 MP: 4/4
   928 | D:2      | Reached XP level 3. HP: 20/30 MP: 1/6
  1002 | D:1      | Learned a level 3 spell: Vampiric Draining
  1094 | D:2      | Found a faded altar of an unknown god.
  1168 | D:2      | Found a sacrificial altar of Ru.
  1365 | D:2      | Reached skill level 5 in Necromancy
  1598 | D:2      | Reached XP level 4. HP: 28/37 MP: 1/7
  1889 | D:2      | Reached skill level 1 in Maces & Flails
  2649 | D:3      | Found an iron altar of Okawaru.
  2846 | D:3      | Noticed Grinder
  2870 | D:3      | Killed Grinder
  2870 | D:3      | Reached XP level 5. HP: 20/43 MP: 6/10
  2870 | D:3      | Reached XP level 6. HP: 24/50 MP: 6/11
  3175 | D:3      | Found an iron altar of Okawaru.
  3190 | D:3      | Reached skill level 1 in Armour
  3343 | D:4      | Reached skill level 6 in Necromancy
  3440 | D:4      | Noticed an orc warrior
  3463 | D:4      | Killed an orc warrior
  3611 | D:4      | Reached skill level 1 in Fighting
  3611 | D:4      | Reached XP level 7. HP: 44/57 MP: 3/13
  4214 | D:5      | Entered Level 5 of the Dungeon
  4390 | D:5      | Found an opulent altar of Gozag.
  4974 | D:5      | Reached XP level 8. HP: 21/64 MP: 14/14
  5140 | D:5      | Gained mutation: You are occasionally teleported next to monsters. [potion of mutation]
  5140 | D:5      | Gained mutation: You can translocate small distances at will. [potion of mutation]
  5140 | D:5      | Gained mutation: Your flesh is heat resistant. (rF+) [potion of mutation]
  5917 | D:6      | Reached skill level 7 in Necromancy
  6076 | D:6      | Reached skill level 5 in Spellcasting
  6255 | D:6      | Found a blossoming altar of Fedhas.
  6548 | D:6      | Learned a level 4 spell: Control Undead
  6763 | D:6      | Found a staircase to the Ecumenical Temple.
  6768 | Temple   | Entered the Ecumenical Temple
  7152 | D:6      | Found a runed door.
  7204 | D:6      | Noticed Crazy Yiuf
  7209 | D:6      | Killed Crazy Yiuf
  7209 | D:6      | Gained mutation: You passively map the area around you. [Deep Dwarf growth]
  7209 | D:6      | Reached XP level 9. HP: 38/74 MP: 10/17
  7377 | D:6      | Reached skill level 8 in Necromancy
  7773 | D:7      | Found a hazy altar of Hepliaklqana.
  8330 | D:7      | Found a shadowy altar of Dithmenos.
  8462 | D:7      | Reached skill level 1 in Staves
  8463 | D:7      | Found an ancient bone altar of Kikubaaqudgha.
  8600 | D:8      | Found a bloodstained altar of Trog.
  9475 | D:8      | Reached skill level 9 in Necromancy
  9502 | D:8      | Noticed a kobold demonologist
  9503 | D:8      | Noticed a troll
  9524 | D:8      | Killed a kobold demonologist
  9541 | D:8      | Reached XP level 10. HP: 37/84 MP: 16/20
  9704 | D:8      | Noticed Gastronok
  9721 | D:8      | Slain by Gastronok

Skill      XL: |  1  2  3  4  5  6  7  8  9 10 |
---------------+-------------------------------+-----
Spellcasting   | 2 3 4 5 6 7 |  7.0
Necromancy     | 5 6 7 9 |  9.4
Maces & Flails | 2 3 4 |  4.7
Stealth        | 3 4 |  4.4
Armour         | 1 2 3 4 |  4.5
Fighting       | 1 2 3 |  3.1
Dodging        | 3 4 |  4.1
Staves         | 2 3 |  3.0
Throwing       | |  0.5

Action                   |  1- 3 |  4- 6 |  7- 9 | 10-12 || total
-------------------------+-------+-------+-------+-------++-------
Melee: Unarmed           |    18 |       |       |       ||    18
       Mace              |    40 |    50 |   337 |       ||   427
       Quarterstaff      |       |       |   134 |    18 ||   152
Throw: Javelin           |       |       |    14 |       ||    14
 Cast: Pain              |    39 |    11 |    14 |       ||    64
       Vampiric Draining |    12 |    38 |   132 |    16 ||   198
 Abil: Evoke Berserk Rag |       |     1 |       |       ||     1
       Heal Wounds       |       |       |       |     2 ||     2
  Use: Potion            |       |     1 |    13 |     3 ||    17
       Scroll            |       |       |     5 |     9 ||    14
 Stab: Sleeping          |     1 |     1 |     3 |       ||     5
       Distracted        |       |       |     1 |       ||     1
       Confused          |       |       |     1 |       ||     1
  Eat: Chunk             |     4 |    11 |    20 |     1 ||    36
       Bread ration      |       |       |     1 |       ||     1
Armor: Robe              |    29 |     2 |       |       ||    31
       Ring mail         |       |    15 |   182 |     6 ||   203
Dodge: Dodged            |    61 |    41 |   356 |    15 ||   473
